TOP OF THE 1ST |
Toledo Mud Hens batting - Pitching for Norfolk Tides : RHP Wes Reynolds
|
Pitching: RHP Wes Reynolds
|
|
Batting: RHB Brandon O'Malley
|
0-0: Ball 1-0: Called Strike 1-1: Ball 2-1: Ball 3-1: Base on Balls
|
Batting: RHB John Evancho
|
0-0: DOUBLE (Line Drive, 78D, EV 105.6 MPH) Brandon O'Malley to third
|
Batting: RHB Trevor Mock
|
0-0: Called Strike 0-1: Ball 1-1: Swinging Strike 1-2: Ball 2-2: Ball 3-2: Fly out, F7 (Line Drive, 78M, EV 101.2 MPH)
|
Batting: RHB Jerry Jauregui
|
0-0: Ball 1-0: Ball 2-0: Called Strike 2-1: Ball 3-1: Called Strike 3-2: Foul Ball, location: 2F 3-2: Foul Ball, location: 2F 3-2: Strikes out looking
|
Batting: RHB Adam MacConnell
|
0-0: Ball 1-0: Called Strike 1-1: Ball 2-1: Ground out 4-3 (Groundball, 4, EV 101.9 MPH)
|
Top of the 1st over - 0 runs, 1 hit, 0 errors, 2 left on base; Toledo 0 - Norfolk 0 |
BOTTOM OF THE 1ST |
Norfolk Tides batting - Pitching for Toledo Mud Hens : RHP Ruben Arana
|
Pitching: RHP Ruben Arana
|
|
Batting: RHB Joe Young
|
0-0: Ball 1-0: Bunt missed! 1-1: Called Strike 1-2: Ground out 6-3 (Groundball, 6, EV 86.9 MPH)
|
Batting: RHB Ray Sims
|
0-0: Called Strike 0-1: Ball 1-1: Called Strike 1-2: Ball 2-2: Ball 3-2: SINGLE (Groundball, 56D, EV 101.9 MPH)
|
Batting: LHB Wes Goscinski
|
0-0: Called Strike 0-1: Swinging Strike 0-2: Ball 1-2: Ball 2-2: Grounds into double play, 4-6-3 (Groundball, 4S, EV 93.8 MPH)
|
Bottom of the 1st over - 0 runs, 1 hit, 0 errors, 0 left on base; Toledo 0 - Norfolk 0 |
TOP OF THE 2ND |
Toledo Mud Hens batting - Pitching for Norfolk Tides : RHP Wes Reynolds
|
Batting: RHB Tony Soto
|
0-0: Called Strike 0-1: SINGLE (Groundball, 56S, EV 76.2 MPH) (infield hit)
|
Batting: RHB Eric Garrett
|
0-0: Ball 1-0: Foul Ball, location: 2F 1-1: Ball 2-1: 2-RUN HOME RUN (Flyball, 7D, EV 98.8 MPH), Distance : 381 ft
|
Batting: RHB Josh Lyon
|
0-0: Ball 1-0: Ball 2-0: Ball 3-0: Called Strike 3-1: Fly out, F9 (Flyball, 9LS, EV 77.5 MPH)
|
Batting: SHB Scott Bartholomew
|
0-0: Ball 1-0: Ball 2-0: Reached via error on a dropped throw from SS, E3 (Groundball, 6, EV 106.9 MPH)
|
Batting: RHB Brandon O'Malley
|
0-0: Ball 1-0: Foul Ball, location: 2F 1-1: Swinging Strike 1-2: Ball 2-2: SINGLE (Groundball, 6M, EV 80.6 MPH) (infield hit) Scott Bartholomew to second
|
Batting: RHB John Evancho
|
0-0: Called Strike 0-1: Called Strike 0-2: SINGLE (Line Drive, 78S, EV 106.9 MPH) Scott Bartholomew to third Brandon O'Malley to second Runner from 3rd tries for Home, SAFE, throw by LF to home
|
Batting: RHB Trevor Mock
|
0-0: Ball 1-0: Ball 2-0: Fielders Choice at 2nd, 4-6 (Groundball, 4, EV 79.4 MPH) Brandon O'Malley to third
|
Batting: RHB Jerry Jauregui
|
0-0: Ball 1-0: Ball 2-0: Ball 3-0: Base on Balls Trevor Mock to second
|
Batting: RHB Adam MacConnell
|
0-0: Foul Ball, location: 2F 0-1: Called Strike 0-2: Ball 1-2: Ball 2-2: Strikes out looking
|
Top of the 2nd over - 3 runs, 4 hits, 1 error, 3 left on base; Toledo 3 - Norfolk 0 |
BOTTOM OF THE 2ND |
Norfolk Tides batting - Pitching for Toledo Mud Hens : RHP Ruben Arana
|
Batting: LHB Justin Moore
|
0-0: Ball 1-0: Ball 2-0: SOLO HOME RUN (Flyball, 89XD, EV 108.8 MPH), Distance : 409 ft
|
Batting: RHB Daniel Jackson
|
0-0: Ball 1-0: Swinging Strike 1-1: Foul Ball, location: 2F 1-2: Ground out 5-3 (Groundball, 56S, EV 82.5 MPH)
|
Batting: RHB Luke Vaccarino
|
0-0: Foul Ball, location: 2F 0-1: SINGLE (Line Drive, 34D, EV 96.2 MPH)
|
Batting: RHB John Gray
|
0-0: Called Strike 0-1: Ball 1-1: Foul Ball, location: 2F 1-2: Ball 2-2: Fly out, F9 (Line Drive, 9, EV 100.0 MPH)
|
Batting: LHB Keith Long
|
0-0: Foul Ball, location: 2F 0-1: Called Strike 0-2: Ball 1-2: Strikes out swinging
|
Bottom of the 2nd over - 1 run, 2 hits, 0 errors, 1 left on base; Toledo 3 - Norfolk 1 |
TOP OF THE 3RD |
Toledo Mud Hens batting - Pitching for Norfolk Tides : RHP Wes Reynolds
|
Batting: RHB Tony Soto
|
0-0: Called Strike 0-1: Ball 1-1: Ball 2-1: Called Strike 2-2: Fly out, F8 (Flyball, 8LS, EV 95.0 MPH)
|
Batting: RHB Eric Garrett
|
0-0: Called Strike 0-1: Ball 1-1: Fly out, F7 (Flyball, 7LM, EV 99.4 MPH)
|
Batting: RHB Josh Lyon
|
0-0: Called Strike 0-1: Ball 1-1: Swinging Strike 1-2: Strikes out swinging
|
Top of the 3rd over - 0 runs, 0 hits, 0 errors, 0 left on base; Toledo 3 - Norfolk 1 |
BOTTOM OF THE 3RD |
Norfolk Tides batting - Pitching for Toledo Mud Hens : RHP Ruben Arana
|
Batting: RHB Antonio Gamez
|
0-0: Ball 1-0: Called Strike 1-1: Called Strike 1-2: Strikes out swinging
|
Batting: RHB Joe Young
|
0-0: Ball 1-0: Foul Ball, location: 2F 1-1: Foul Ball, location: 2F 1-2: Strikes out looking
|
Batting: RHB Ray Sims
|
0-0: Swinging Strike 0-1: Ball 1-1: Ball 2-1: Fly out, F7 (Flyball, 7D, EV 92.5 MPH)
|
Bottom of the 3rd over - 0 runs, 0 hits, 0 errors, 0 left on base; Toledo 3 - Norfolk 1 |
TOP OF THE 4TH |
Toledo Mud Hens batting - Pitching for Norfolk Tides : RHP Wes Reynolds
|
Batting: SHB Scott Bartholomew
|
0-0: Ball 1-0: Ball 2-0: Ball 3-0: Foul Ball, location: 2F 3-1: Base on Balls
|
Batting: RHB Brandon O'Malley
|
0-0: Called Strike 0-1: Ball 1-1: Foul Ball, location: 2F 1-2: Foul Ball, location: 2F 1-2: Strikes out swinging
|
Batting: RHB John Evancho
|
0-0: Fielders Choice at 2nd, 4-6 (Groundball, 4D, EV 104.4 MPH)
|
Batting: RHB Trevor Mock
|
0-0: TRIPLE (Flyball, 78XD, EV 110.6 MPH) John Evancho scores
|
Batting: RHB Jerry Jauregui
|
0-0: Called Strike 0-1: Swinging Strike 0-2: Strikes out swinging
|
Top of the 4th over - 1 run, 1 hit, 0 errors, 1 left on base; Toledo 4 - Norfolk 1 |
BOTTOM OF THE 4TH |
Norfolk Tides batting - Pitching for Toledo Mud Hens : RHP Ruben Arana
|
Batting: LHB Wes Goscinski
|
0-0: Ball 1-0: Ball 2-0: Foul Ball, location: 2F 2-1: Foul Ball, location: 2F 2-2: Ball 3-2: Base on Balls
|
Batting: LHB Justin Moore
|
0-0: Swinging Strike 0-1: Ball 1-1: Ball 2-1: Fly out, F9 (Flyball, 89S, EV 86.9 MPH)
|
Batting: RHB Daniel Jackson
|
0-0: Called Strike 0-1: Called Strike 0-2: Fly out, F6 (Line Drive, 6, EV 71.9 MPH)
|
Batting: RHB Luke Vaccarino
|
0-0: Ball 1-0: Ball 2-0: Ball 3-0: Ground out 6-3 (Groundball, 6S, EV 93.1 MPH)
|
Bottom of the 4th over - 0 runs, 0 hits, 0 errors, 1 left on base; Toledo 4 - Norfolk 1 |
TOP OF THE 5TH |
Toledo Mud Hens batting - Pitching for Norfolk Tides : RHP Wes Reynolds
|
Batting: RHB Adam MacConnell
|
0-0: Foul Ball, location: 2F 0-1: Ball 1-1: Foul Ball, location: 2F 1-2: Ball 2-2: Strikes out swinging
|
Batting: RHB Tony Soto
|
0-0: Foul Ball, location: 2F 0-1: Ground out 6-3 (Groundball, 6, EV 88.1 MPH)
|
Batting: RHB Eric Garrett
|
0-0: Ball 1-0: Swinging Strike 1-1: Foul Ball, location: 2F 1-2: Strikes out looking
|
Top of the 5th over - 0 runs, 0 hits, 0 errors, 0 left on base; Toledo 4 - Norfolk 1 |
BOTTOM OF THE 5TH |
Norfolk Tides batting - Pitching for Toledo Mud Hens : RHP Ruben Arana
|
Batting: RHB John Gray
|
0-0: Ball 1-0: Ball 2-0: Called Strike 2-1: Ground out 5-3 (Groundball, 56S, EV 63.1 MPH)
|
Batting: LHB Keith Long
|
0-0: Ball 1-0: Ball 2-0: Called Strike 2-1: Ground out 6-3 (Groundball, 6S, EV 85.0 MPH)
|
Batting: RHB Antonio Gamez
|
0-0: Ground out 4-3 (Groundball, 4, EV 86.9 MPH)
|
Bottom of the 5th over - 0 runs, 0 hits, 0 errors, 0 left on base; Toledo 4 - Norfolk 1 |
TOP OF THE 6TH |
Toledo Mud Hens batting - Pitching for Norfolk Tides : RHP Wes Reynolds
|
Batting: RHB Josh Lyon
|
0-0: Ball 1-0: Fly out, F7 (Line Drive, 78S, EV 94.4 MPH)
|
Batting: SHB Scott Bartholomew
|
0-0: Foul Ball, location: 2F 0-1: Ball 1-1: Swinging Strike 1-2: Ball 2-2: Ball 3-2: SINGLE (Groundball, 4MS, EV 70.0 MPH) (infield hit)
|
Pitching: RHP Corey Rizzuto
|
|
Batting: RHB Brandon O'Malley
|
0-0: Ball 1-0: Called Strike 1-1: Ball 2-1: Ball 3-1: Fielders Choice at 2nd, 3-6 (Groundball, 3, EV 105.6 MPH)
|
Batting: RHB John Evancho
|
0-0: Ball Brandon O'Malley steals 2nd base 1-0: Called Strike 1-1: Foul Ball, location: 2F 1-2: Ball 2-2: Ground out 6-3 (Groundball, 6, EV 81.9 MPH)
|
Top of the 6th over - 0 runs, 1 hit, 0 errors, 1 left on base; Toledo 4 - Norfolk 1 |
BOTTOM OF THE 6TH |
Norfolk Tides batting - Pitching for Toledo Mud Hens : RHP Ruben Arana
|
Batting: RHB Joe Young
|
0-0: DOUBLE (Line Drive, 7LM, EV 99.4 MPH)
|
Batting: RHB Ray Sims
|
0-0: Called Strike 0-1: Ball 1-1: Ball 2-1: Called Strike 2-2: Ball 3-2: Base on Balls
|
Batting: LHB Wes Goscinski
|
0-0: Reached on error, E3 (Groundball, 34S, EV 92.5 MPH) Joe Young to third Ray Sims to second
|
Batting: LHB Justin Moore
|
0-0: Fly out, F8 (Flyball, 8LM, EV 96.9 MPH) Runner from 3rd tags up, OUT at HOME! 8-2 Ray Sims to third Wes Goscinski to second
|
Batting: RHB Daniel Jackson
|
0-0: Fly out, F5 (Popup, 25, EV 80.0 MPH)
|
Bottom of the 6th over - 0 runs, 1 hit, 1 error, 2 left on base; Toledo 4 - Norfolk 1 |
TOP OF THE 7TH |
Toledo Mud Hens batting - Pitching for Norfolk Tides : RHP Corey Rizzuto
|
Batting: RHB Trevor Mock
|
0-0: Ball 1-0: Ball 2-0: DOUBLE (Line Drive, 9LM, EV 104.4 MPH)
|
Batting: RHB Jerry Jauregui
|
0-0: Called Strike 0-1: Ball 1-1: Ball 2-1: Reached on error, E6 (Groundball, 6, EV 85.0 MPH) Trevor Mock to third
|
Batting: RHB Adam MacConnell
|
0-0: DOUBLE (Line Drive, 89D, EV 103.8 MPH) Trevor Mock scores Jerry Jauregui to third
|
Batting: RHB Tony Soto
|
0-0: Ball 1-0: Swinging Strike 1-1: Ball 2-1: Foul Ball, location: 2F 2-2: Strikes out swinging
|
Batting: RHB Eric Garrett
|
0-0: Called Strike 0-1: Ball 1-1: Foul Ball, location: 2F 1-2: Fly out, F8 (Flyball, 78M, EV 82.5 MPH) Runner from 3rd tags up, SCORES, throw by CF
|
Pitching: RHP Ferri Adam
|
|
Batting: RHB Josh Lyon
|
0-0: Ball 1-0: Ball 2-0: Called Strike 2-1: Called Strike 2-2: Strikes out swinging
|
Top of the 7th over - 2 runs, 2 hits, 1 error, 1 left on base; Toledo 6 - Norfolk 1 |
BOTTOM OF THE 7TH |
Norfolk Tides batting - Pitching for Toledo Mud Hens : RHP Ruben Arana
|
Batting: RHB Luke Vaccarino
|
0-0: Foul Ball, location: 2F 0-1: Foul Ball, location: 2F 0-2: Ball 1-2: Ball 2-2: SINGLE (Groundball, 34D, EV 101.9 MPH)
|
Batting: RHB John Gray
|
0-0: Called Strike 0-1: Ball 1-1: Swinging Strike 1-2: Ball 2-2: Strikes out swinging
|
Batting: LHB Keith Long
|
0-0: Swinging Strike 0-1: Ball 1-1: Ball 2-1: Ball 3-1: Base on Balls Luke Vaccarino to second
|
Batting: RHB Antonio Gamez
|
0-0: DOUBLE (Flyball, 78D, EV 90.6 MPH) Luke Vaccarino scores Keith Long to third
|
Batting: RHB Joe Young
|
0-0: Called Strike 0-1: Ball 1-1: Fly out, F7 (Flyball, 7, EV 94.4 MPH) Runner from 3rd tags up, OUT at HOME! 7-2
|
Bottom of the 7th over - 1 run, 2 hits, 0 errors, 1 left on base; Toledo 6 - Norfolk 2 |
TOP OF THE 8TH |
Toledo Mud Hens batting - Pitching for Norfolk Tides : RHP Ferri Adam
|
Batting: SHB Scott Bartholomew
|
0-0: Called Strike 0-1: Ball 1-1: Ball 2-1: SINGLE (Line Drive, 6MD, EV 96.2 MPH)
|
Batting: RHB Brandon O'Malley
|
0-0: Ball 1-0: Bunt missed! 1-1: Ball 2-1: Bunted foul 2-2: Reached on error, E7 (Flyball, 7, EV 84.4 MPH) Scott Bartholomew to second
|
Batting: RHB John Evancho
|
0-0: Called Strike 0-1: Ball Wild Pitch! Scott Bartholomew to third Brandon O'Malley to second 1-1: Ball 2-1: Foul Ball, location: 2F 2-2: Foul Ball, location: 2F 2-2: Foul Ball, location: 2F 2-2: SINGLE (Line Drive, 89S, EV 108.8 MPH) Scott Bartholomew scores Brandon O'Malley to third Runner from 3rd tries for Home, SAFE, throw by RF to home
|
Batting: RHB Trevor Mock
|
0-0: Ball 1-0: SINGLE (Groundball, 56S, EV 71.2 MPH) (infield hit) John Evancho to second
|
Batting: RHB Jerry Jauregui
|
0-0: Ball 1-0: Called Strike 1-1: Swinging Strike 1-2: Ball 2-2: Strikes out swinging
|
Batting: RHB Adam MacConnell
|
0-0: Ball 1-0: Grounds into double play, 4-6-3 (Groundball, 4M, EV 92.5 MPH)
|
Top of the 8th over - 2 runs, 3 hits, 1 error, 1 left on base; Toledo 8 - Norfolk 2 |
BOTTOM OF THE 8TH |
Norfolk Tides batting - Pitching for Toledo Mud Hens : RHP Ruben Arana
|
Batting: RHB Ray Sims
|
0-0: Ball 1-0: Ground out 6-3 (Groundball, P, EV 83.1 MPH)
|
Batting: LHB Wes Goscinski
|
0-0: Called Strike 0-1: Ball 1-1: Ball 2-1: SINGLE (Groundball, 56D, EV 101.9 MPH)
|
Pitching: RHP Nate Mull
|
|
Batting: LHB Justin Moore
|
0-0: Fly out, F8 (Flyball, 78D, EV 98.1 MPH)
|
Batting: RHB Daniel Jackson
|
0-0: Ball 1-0: Ball 2-0: Ball 3-0: Called Strike 3-1: Ground out 4-3 (Groundball, 4, EV 106.9 MPH)
|
Bottom of the 8th over - 0 runs, 1 hit, 0 errors, 1 left on base; Toledo 8 - Norfolk 2 |
TOP OF THE 9TH |
Toledo Mud Hens batting - Pitching for Norfolk Tides : RHP Ferri Adam
|
Batting: RHB Tony Soto
|
0-0: Ball 1-0: Fly out, F3 (Popup, 34, EV 65.6 MPH)
|
Batting: RHB Eric Garrett
|
0-0: SINGLE (Line Drive, 56D, EV 106.9 MPH)
|
Batting: RHB Josh Lyon
|
0-0: Ball 1-0: Called Strike 1-1: Foul Ball, location: 2F 1-2: Foul Ball, location: 2F 1-2: Foul Ball, location: 2F 1-2: Fly out, F9 (Line Drive, 9LM, EV 85.6 MPH)
|
Batting: SHB Scott Bartholomew
|
0-0: Ball 1-0: Foul Ball, location: 2F 1-1: Foul Ball, location: 2F 1-2: Strikes out swinging
|
Top of the 9th over - 0 runs, 1 hit, 0 errors, 1 left on base; Toledo 8 - Norfolk 2 |
BOTTOM OF THE 9TH |
Norfolk Tides batting - Pitching for Toledo Mud Hens : RHP Nate Mull
|
Batting: RHB Luke Vaccarino
|
0-0: Ball 1-0: Ball 2-0: Foul Ball, location: 2F 2-1: Ball 3-1: Called Strike 3-2: Foul Ball, location: 2F 3-2: Strikes out looking
|
Batting: RHB John Gray
|
0-0: Called Strike 0-1: Ball 1-1: Ball 2-1: Called Strike 2-2: Strikes out swinging
|
Batting: LHB Keith Long
|
0-0: Ground out 6-3 (Groundball, 6, EV 88.8 MPH)
|
Bottom of the 9th over - 0 runs, 0 hits, 0 errors, 0 left on base; Toledo 8 - Norfolk 2 |
|